 Dungeon Crawl Stone Soup version 0.31-a0-261-g072fdb8a1f (webtiles) character file.

Game seed: 12566827761433478800

49 qw the Shooter (level 3, 0/30 HPs)
             Began as a Minotaur Hexslinger on July 13, 2023.
             Slain by a black bear (7 damage)
             ... on level 3 of the Dungeon.
             The game lasted 00:00:33 (1648 turns).

qw the Shooter (Minotaur Hexslinger)                Turns: 1648, Time: 00:00:34

Health: 0/30       AC:  6    Str: 12    XL:     3   Next: 53%
Magic:  3/3        EV: 12    Int: 10    God:
Gold:   32         SH:  0    Dex: 14    Spells: 3/4 levels left

rFire   . . .        Y - +2 sling
rCold   . . .        (no shield)
rNeg    . . .        m - +0 leather armour
rPois   +            (helmet restricted)
rElec   .            e - +0 cloak
rCorr   .            (no gloves)
SInv    .            i - +1 pair of boots
Will    .....        (no amulet)
Stlth   +            j - ring of poison resistance
HPRegen 0.25/turn    (no ring)
MPRegen 0.08/turn

%: no passive effects
@: no status effects
A: horns 2, retaliatory headbutt
a: no special abilities


You were on level 3 of the Dungeon.
You visited 1 branch of the dungeon, and saw 3 of its levels.

You collected 52 gold pieces.
You spent 20 gold pieces at shops.


Innate Abilities, Weirdness & Mutations

You have a pair of horns on your head.
You reflexively headbutt those who attack you in melee.


   Skills:
 - Level 2.4 Fighting
 + Level 3.9 Ranged Weapons
 - Level 2.1 Dodging
 - Level 1.0 Spellcasting
 - Level 2.0 Hexes


You had 3 spell levels left.
You knew the following spells:

 Your Spells              Type           Power      Damage    Failure   Level
a - Slow                  Hex            16%        N/A       19%         1

Your spell library contained the following spells:

 Spells                   Type           Power      Damage    Failure   Level
 Inner Flame              Hex/Fire       2%         N/A       65%         3
 Portal Projectile        Hex/Tloc       4%         N/A       65%         3
 Cause Fear               Hex            2%         N/A       88%         4

Inventory:

Hand Weapons
 Y - a +2 sling (weapon)
Armour
 e - a +0 cloak (worn)
 i - a +1 pair of boots (worn)
 m - a +0 leather armour (worn)
Jewellery
 j - a ring of poison resistance (left hand)
Scrolls
 d - a scroll of identify
Potions
 a - a potion of cancellation {unknown}
 f - a potion of resistance
 h - a potion of curing
 k - a potion of attraction {unknown}

Dungeon Overview and Level Annotations

Branches:
Dungeon (3/15)

Altars:
Yredelemnul

Shops:
D:1 **   D:2 *


Message History

You shoot a sling bullet. The sling bullet hits the worm.
The worm is almost dead.
You shoot a sling bullet. The sling bullet hits the worm.
You kill the worm!
You see here a worm corpse.
Found a dagger.
You now have enough gold to buy a scroll labelled FOEVVA URO on D:2, buy a scroll labelled HOTAWI EJEBIBB on D:2, or buy a potion of curing on D:1.
You can access your shopping list by pressing '$'.
You now have 32 gold pieces (gained 9).
A worm and a black bear come into view.
Found 6 gold pieces.
You shoot a sling bullet. The sling bullet hits the black bear.
The black bear is lightly wounded.
You shoot a sling bullet. The sling bullet hits the black bear.
The black bear is lightly wounded.
You shoot a sling bullet. The sling bullet hits the black bear.
The black bear is moderately wounded.
The black bear bites you but does no damage.
The black bear claws you but does no damage.
The black bear barely misses you.
You shoot a sling bullet. The sling bullet hits the black bear.
The black bear is heavily wounded.
The black bear bites you! The black bear barely misses you. x2
You shoot a sling bullet.
The sling bullet barely misses the black bear.
The black bear bites you! The black bear barely misses you.
The black bear claws you.
You shoot a sling bullet. The sling bullet hits the black bear.
The black bear is heavily wounded.
The black bear barely misses you. The black bear claws you.
The black bear claws you but does no damage.
The worm bites you but does no damage. The black bear bites you.
The black bear claws you but does no damage. x2
You shoot a sling bullet. The sling bullet hits the black bear!
The black bear is severely wounded.
The black bear goes berserk!
You shoot a sling bullet. The sling bullet hits the black bear.
The black bear is almost dead.
The black bear bites you!
You die...

##........ #.
#........ ###.
#.###...# ... #.#
#...# #.$ #.#
#.).# #.. #.#
##### #.. #.#
#####.h#########.#
#......@.........#
#.###.w###########
#.. #.. #.. ...
.##. . #.


You could see a black bear (berserk) and a worm.

Vanquished Creatures
  A gnoll (D:1)
  A worm (D:3)
  4 ball pythons
  4 bats
  4 endoplasms
  3 goblins
  4 hobgoblins
  4 jackals (D:2)
  2 quokkas
  A frilled lizard (D:1)
  2 kobolds
  3 rats
33 creatures vanquished.

Notes
Turn   | Place    | Note
-------+----------+-------------------------------------------
     0 | D:1      | qw the Minotaur Hexslinger began the quest for the Orb.
     0 | D:1      | Reached XP level 1. HP: 16/16 MP: 1/1
     0 | D:1      | 0 ||| qw: Version: 0.3-a-52-g30416fa
     0 | D:1      | 0 ||| qw: Game counter: 6981
     0 | D:1      | 0 ||| qw: Melee chars always use a shield: true
     0 | D:1      | 0 ||| qw: God list: Okawaru
     0 | D:1      | 0 ||| qw: Allow faded altars: false
     0 | D:1      | 0 ||| qw: Do Orc after clearing Dungeon:15 true
     0 | D:1      | 0 ||| qw: Do second Lair branch before Depths: true
     0 | D:1      | 0 ||| qw: Lair rune preference: random
     0 | D:1      | 0 ||| qw: Goals: Normal
     0 | D:1      | 0 ||| PLANNING D:1-11
   210 | D:1      | Reached skill level 3 in Ranged Weapons
   232 | D:1      | Reached XP level 2. HP: 23/23 MP: 2/2
   250 | D:1      | Found Doydihonu's General Store.
   259 | D:1      | 259 ||| SHOPLISTING potion of curing (33 gold, have 26).
   259 | D:1      | 259 ||| SHOPLISTING potion of heal wounds (55 gold, have
                  | 26).
   288 | D:1      | Found Osaghod's General Store.
   298 | D:1      | 298 ||| SHOPLISTING +0 ring mail (40 gold, have 26).
   298 | D:1      | 298 ||| SHOPLISTING potion of curing (30 gold, have 26).
   298 | D:1      | 298 ||| BUYING scroll of identify (20 gold).
   298 | D:1      | Bought a scroll of identify for 20 gold pieces
   329 | D:1      | Found a faded altar of an unknown god.
   519 | D:1      | 519 ||| READING scroll labelled VAYTHR IRGHOL.
   522 | D:1      | 522 ||| DRINKING 2 glowing red potions.
   523 | D:1      | 523 ||| DROPPING scroll of poison.
   541 | D:2      | Found Pepte's Assorted Antiques.
   544 | D:2      | 544 ||| SHOPLISTING scroll labelled FOEVVA URO (28 gold,
                  | have 8).
   544 | D:2      | 544 ||| SHOPLISTING scroll labelled HOTAWI EJEBIBB (28
                  | gold, have 8).
   643 | D:2      | Reached XP level 3. HP: 30/30 MP: 3/3
   683 | D:2      | Found a basalt altar of Yredelemnul.
  1023 | D:2      | Identified the +1 scale mail of Balacoff {rCorr Int+4
                  | Stlth-}
  1376 | D:2      | 1376 ||| UPGRADING to +0 cloak.
  1381 | D:2      | 1381 ||| UPGRADING to +1 pair of boots.
  1386 | D:2      | 1386 ||| UPGRADING to +0 leather armour.
  1396 | D:2      | 1396 ||| DROPPING +0 robe.
  1397 | D:2      | 1397 ||| UPGRADING to ring of poison resistance.
  1398 | D:2      | 1398 ||| READING scroll labelled SIGGIQ PONO.
  1499 | D:2      | 1499 ||| READING scroll labelled FICKOD DIEG.
  1500 | D:2      | 1500 ||| READING scroll labelled WOUGRY XEFOOH.
  1501 | D:2      | 1501 ||| READING scroll labelled TAVATU GEJAGO.
  1502 | D:2      | 1502 ||| READING 2 scrolls of identify.
  1502 | D:2      | 1502 ||| IDENTIFYING emerald potion
  1640 | D:3      | Noticed a black bear
  1646 | D:3      | HP: 7/30 [black bear (5)]
  1648 | D:3      | Slain by a black bear

Levels and vault maps discovered:
D:1:      minmay_arrival_split_and_join, layout_basic,
          ebering_ecumenical_altar_rust, serial_shops, nicolae_shop_statue_plus,
          nicolae_shop_waterfront, minmay_stone_trees_small
D:2:      layout_loops_corners, basic_altar, serial_shops, shop
D:3:      layout_loops_ring, hellmonk_no_cap

Skill      XL: |  1  2 |
---------------+-------+-----
Ranged Weapons | 3 |  3.9
Fighting       | 2 |  2.4
Dodging        | |  2.1
Spellcasting   | |  1.0
Hexes          | |  2.0

Action                     || total
---------------------------++-------
   Fire: Sling             ||   103
    Use: Scroll            ||     6
         Potion            ||     1
 Armour: Robe              ||     5
         Leather armour    ||     6
  Dodge: Dodged            ||    34

Table legend:
 A = Non-vault XP
 B = Vault XP
 C = Vault XP percentage of total XP
 D = Non-vault monster count
 E = Vault monster count
 F = Vault count percentage of total count
                 A         B        C        D         E       F
            +---------+---------+-------+---------+---------+-------
      Total |      71 |       0 |   0.0 |      33 |       0 |   0.0
            +---------+---------+-------+---------+---------+-------
        D:1 |      38 |       0 |   0.0 |      15 |       0 |   0.0
        D:2 |      26 |       0 |   0.0 |      16 |       0 |   0.0
        D:3 |       7 |       0 |   0.0 |       2 |       0 |   0.0
            +---------+---------+-------+---------+---------+-------
